 Dungeon Crawl Stone Soup version 0.28-a0-932-g843f935a50 (webtiles) character file.

Game seed: 13772821617981688447

240748 ders the Metallomancer (level 19, -10/96 HPs)
             Began as a Gargoyle Earth Elementalist on Nov 27, 2021.
             Was the Champion of Vehumet.
             Shot with an arrow by a deep elf master archer (34 damage)
             ... on level 3 of the Elven Halls on Nov 28, 2021.
             The game lasted 01:43:44 (47207 turns).

ders the Metallomancer (GrEE)                      Turns: 47207, Time: 01:43:45

Health: -10/96     AC: 23    Str: 13    XL:     19   Next: 79%
Magic:  7/41       EV: 15    Int: 23    God:    Vehumet [******]
Gold:   4636       SH:  5    Dex: 10    Spells: 7/55 levels left

rFire   + . .      SeeInvis .   a - +0 short sword
rCold   x . .      Faith    .   Q - +1 buckler {reflect}
rNeg    + . .      Spirit   .   J - +1 troll leather armour
rPois   ∞          Reflect  +   (no helmet)
rElec   +          Harm     .   (no cloak)
rCorr   .          Rampage  .   H - +2 pair of gloves
Will    +....                   (no boots)
Stlth   +++.......              S - amulet of magic regeneration
HPRegen 1.06/turn               I - ring of fire
MPRegen 0.67/turn               B - +4 ring of evasion

@: flying, very slightly contaminated
A: sickness immunity, AC +14, big wings, negative energy resistance 1,
electricity resistance, torment resistance 1, petrification resistance
}: 1/15 runes: decaying
a: Renounce Religion


You were on level 3 of the Elven Halls.
You worshipped Vehumet.
Vehumet was exalted by your worship.
You visited 7 branches of the dungeon, and saw 35 of its levels.
You visited the Abyss 1 time.
You also visited: Ossuary and Gauntlet.

You collected 5112 gold pieces.
You spent 476 gold pieces at shops.

Inventory:

Hand Weapons
 a - a +0 short sword (weapon)
 k - a +3 vampiric dagger
Missiles
 r - 6 throwing nets
 L - 595 stones
Armour
 b - a +1 robe of cold resistance
 H - a +2 pair of gloves (worn)
 J - a +1 troll leather armour (worn)
 Q - a +1 buckler of reflection (worn)
Magical Staves
 j - a staff of earth
 u - a staff of conjuration
Jewellery
 w - a ring of ice
 B - a +4 ring of evasion (right hand)
 I - a ring of fire (left hand)
 N - a ring of fire
 S - an amulet of magic regeneration (around neck)
 T - an amulet of faith
Wands
 m - a wand of acid (8)
 n - a wand of paralysis (25)
 v - a wand of mindburst (13)
 C - a wand of iceblast (74)
 M - a wand of flame (154)
 O - a wand of polymorph (30)
 U - a wand of digging (4)
Scrolls
 c - 3 scrolls of amnesia
 d - 4 scrolls of teleportation
 p - 13 scrolls of identify
 t - 4 scrolls of fog
 y - 3 scrolls of magic mapping
 E - 2 scrolls of summoning
 F - 4 scrolls of enchant weapon
Potions
 e - 3 potions of ambrosia
 f - 10 potions of lignification
 g - 11 potions of berserk rage
 h - 13 potions of flight
 i - 7 potions of curing
 l - 9 potions of might
 o - 4 potions of cancellation
 q - 2 potions of resistance {unknown}
 s - 8 potions of haste
 x - 9 potions of mutation
 z - 7 potions of brilliance
 A - 4 potions of attraction
 G - 4 potions of magic
 K - a potion of heal wounds
 R - 5 potions of invisibility
Miscellaneous
 P - a box of beasts


   Skills:
 + Level 3.4 Fighting
 + Level 1.0 Staves
 + Level 5.8 Armour
 - Level 1.5 Dodging
 + Level 5.5 Stealth
 - Level 4.0 Shields
 + Level 18.9 Spellcasting
 + Level 18.0 Conjurations
 + Level 10.1 Summonings
 + Level 1.8 Transmutations
 + Level 4.3 Ice Magic
 + Level 3.3 Air Magic
 + Level 21.9 Earth Magic


You had 7 spell levels left.
You knew the following spells:

 Your Spells              Type           Power      Damage    Failure   Level
a - Stone Arrow           Conj/Erth      100%       3d13      0%          3
b - Iron Shot             Conj/Erth      42%        9d8       1%          6
c - Frozen Ramparts       Ice            82%        1d10      1%          3
d - Orb of Destruction    Conj           40%        9d14      1%          7
e - Dazzling Flash        Conj/Hex       100%       N/A       1%          3
f - Sandblast             Erth           100%       2d20      0%          1
g - Lee's Rapid Deconstr  Erth           44%        3d22*     0%          5
h - Spellforged Servitor  Conj/Summ      36%        N/A       1%          7
i - Swiftness             Air            37%        N/A       2%          3
j - Irradiate             Conj/Tmut      30%        3d23      1%          5
k - Freezing Cloud        Conj/Ice/Air   28%        6-21      1%          5

Your spell library contained the following spells:

 Spells                   Type           Power      Damage    Failure   Level
 Shatter                  Erth           44%        3d34*     10%         9
 Maxwell's Capacitive Co  Air            18%        ∞         100%        8
 Chain Lightning          Conj/Air       31%        3d42      100%        9
 Beastly Appendage        Tmut           60%        N/A       1%          1
 Sting                    Tmut/Pois      100%       1d8       1%          1
 Passwall                 Tmut/Erth      55%        N/A       1%          2
 Poisonous Vapours        Pois/Air       58%        N/A       1%          2
 Wereblood                Tmut           30%        N/A       1%          2
 Call Canine Familiar     Summ           62%        N/A       1%          3
 Conjure Flame            Conj/Fire      76%        6-21      1%          3
 Airstrike                Air            18%        N/A       1%          4
 Animate Armour           Summ/Erth      100%       N/A       1%          4
 Flame Wave               Conj/Fire      76%        3d13      1%          4
 Petrify                  Tmut/Erth      66%        N/A       1%          4
 Summon Ice Beast         Ice/Summ       53%        N/A       1%          4
 Summon Lightning Spire   Summ/Air       52%        N/A       1%          4
 Borgnjor's Vile Clutch   Necr/Erth      32%        N/A       1%          5
 Fireball                 Conj/Fire      38%        3d16      1%          5
 Iskenderun's Battlesphe  Conj           81%        2d13      1%          5
 Lightning Bolt           Conj/Air       31%        1d48      1%          5
 Conjure Ball Lightning   Conj/Air       31%        3x3d10    1%          6
 Corpse Rot               Necr/Air       58%        N/A       2%          2
 Starburst                Conj/Fire      38%        6d11      3%          6
 Blink                    Tloc           42%        N/A       4%          2
 Spider Form              Tmut/Pois      26%        N/A       6%          3
 Summon Cactus Giant      Summ           31%        N/A       6%          6
 Olgreb's Toxic Radiance  Pois           21%        N/A       8%          4
 Portal Projectile        Hex/Tloc       42%        N/A       9%          3
 Tukima's Dance           Hex            21%        N/A       9%          3
 Vampiric Draining        Necr           21%        2d7       9%          3
 Summon Forest            Summ/Tloc      22%        N/A       10%         5
 Summon Mana Viper        Hex/Summ       45%        N/A       10%         5
 Yara's Violent Unravell  Hex/Tmut       13%        3d7       14%         5
 Passage of Golubria      Tloc           21%        N/A       28%         4
 Metabolic Englaciation   Hex/Ice        15%        N/A       32%         5
 Blade Hands              Tmut           15%        N/A       34%         5
 Monstrous Menagerie      Summ           31%        N/A       34%         7
 Silence                  Hex/Air        14%        N/A       36%         5
 Agony                    Necr           21%        N/A       61%         5
 Excruciating Wounds      Necr           10%        N/A       61%         5
 Manifold Assault         Tloc           21%        N/A       61%         5
 Dragon Form              Tmut           15%        N/A       100%        7
 Storm Form               Tmut/Air       16%        N/A       100%        7
 Disjunction              Tloc           10%        N/A       100%        8
 Fire Storm               Conj/Fire      38%        8d10      100%        9
 Statue Form              Tmut/Erth      Unusable   N/A       N/A         6

Dungeon Overview and Level Annotations

Branches:
Dungeon (15/15)            Temple (1/1) D:4            Lair (6/6) D:10
  Swamp (4/4) Lair:4       Spider (4/4) Lair:2        Slime (0/5) Lair:5
    Orc (2/2) D:10            Elf (3/3) Orc:2        Vaults (0/5) D:14
 Depths (0/4) D:15        Ossuary (visited)         Gauntlet (visited)

Altars:
Ashenzari
Cheibriados
Elyvilon
Fedhas
Gozag
Hepliaklqana
Kikubaaqudgha
Makhleb
Nemelex Xobeh
Okawaru
Qazlal
Sif Muna
Trog
Uskayaw
Vehumet
Wu Jian
Xom
Yredelemnul
Zin
The Shining One

Shops:
D:4 (   D:5 [   Orc:1 :   Orc:2 ([*=

Annotations:
D:4 3 runed translucent doors, amoryguerra's ghost, novice MiBe; karkarkar's ghost, novice MiMo; tvsian's ghost, amateur HOFi
D:11 1 runed translucent door, math4jedi's ghost, journeyman HOFi
Lair:4 2 transporters, Daelid's ghost, journeyman MfGl
Spider:4 2 runed translucent doors, Hoshis's ghost, adept MiBe


Innate Abilities, Weirdness & Mutations

You are immune to sickness and miasma.
Your stone body is resilient. (AC +14)
You are immune to poison.
Your large and strong wings let you fly.
You resist negative energy. (rN+)
You are resistant to electric shocks. (rElec)
You are resistant to unholy torment.
You are immune to petrification.


Message History

Aiming: Iron Shot (safe; 1% risk of failure)
Press: ? - help, Shift-Dir - straight line, f/p - deep elf blademaster
Aim: a deep elf blademaster, wielding two +0 rapiers and wearing a +0 leather armour (severely wounded, misshapen and mutated, 35% to hit)
The iron shot misses the deep elf blademaster.
The deep elf blademaster hits you but does no damage.
The deep elf blademaster hits you with a +0 rapier!
A deep elf elementalist comes into view.
It is wielding a +0 long sword.
Unknown command.
Casting: Iron Shot (safe; 1% risk of failure)
Confirm with . or Enter, or press ? or * to list all spells.
Aiming: Iron Shot (safe; 1% risk of failure)
Press: ? - help, Shift-Dir - straight line, f/p - deep elf blademaster
Aim: a deep elf blademaster, wielding two +0 rapiers and wearing a +0 leather armour (severely wounded, misshapen and mutated, 35% to hit)
The iron shot hits the deep elf blademaster!!!
You kill the deep elf blademaster!
Vehumet accepts your kill.
You feel your power returning.
The deep elf master archer shoots an arrow.
The arrow hits you!!
* * * LOW HITPOINT WARNING * * *
The deep elf elementalist casts a spell at you.
Some walls begin to move on their own!
The deep elf master archer shoots an arrow.
The arrow hits you!
* * * LOW HITPOINT WARNING * * *
You hear a shout! x8
Unknown command.
You feel much better.
The deep elf master archer shoots an arrow.
The arrow hits you!!
* * * LOW HITPOINT WARNING * * *
The deep elf master archer shoots an arrow.
The arrow barely misses you.
Your spellforged servitor conjures an orb of pure magic.
A deep elf annihilator comes into view. It is wielding a +0 long sword.
Okay, then.
You feel much better.
The deep elf master archer shoots an arrow.
The arrow hits you!!
You die...

#......##
######.......#
####....'......##
########
'....)###.....##
#....... #####.#
##.....##
#.###### # #.#
##.##..# #.# #
#.# #'###.### #.#
# #+# #.# #)).#
#.# ## #
######@##### ###
#. #
#....E)...### #.
# #.......9*.e..#
#. #
................#
#.
...####.####.ee.e
#. .# #... #...
#. ...e. #. #.
...... ##
........ #


You could see a deep elf master archer (ally target), a deep elf annihilator, a
deep elf death mage, a deep elf elementalist (repels missiles), an earth
elemental (summoned) and a friendly spellforged servitor (summoned).

Vanquished Creatures
  Mara (Spider:4)
  Bai Suzhen (Spider:3)
  Nikola (Swamp:1)
  Arachne (Spider:2)
  A tentacled monstrosity (Swamp:3)
  A deep elf blademaster (Elf:3)
  Frances (Swamp:1)
  Kirke (Lair:4)
  Roxanne (Elf:2)
  A deep elf sorcerer (Elf:3)
  Louise (Spider:4)
  Aizul (Swamp:1)
  An orc warlord (Orc:2)
  A ghoul (Swamp:2)
  A deep elf elementalist (Elf:3)
  5 emperor scorpions
  A stone giant (D:15)
  3 deep elf demonologists
  9 bunyips
  A spark wasp (Spider:3)
  An entropy weaver (Spider:3)
  A deep elf annihilator (Elf:3)
  3 deep elf death magi
  6 eleionomae
  3 fire dragons (Swamp:4)
  An ettin (Orc:1)
  2 deep elf high priests (Elf:3)
  Josephine (Lair:6)
  9 boulder beetles
  Fannar (Lair:1)
  20 hydras
  An ogre mage (D:14)
  4 ghost crabs
  7 centaur warriors
  A merfolk avatar (Lair:6)
  8 alligators
  8 two-headed ogres
  29 dancing weapons
  6 orc high priests
  3 tengu warriors
  4 death yaks (Lair:6)
  A spriggan (Swamp:4)
  13 deep elf knights
  2 fire crabs (Swamp:4)
  4 goliath frogs
  A sea snake (Lair:6)
  4 skeletal warriors (D:14)
  12 swamp dragons
  3 wizards
  2 lindwurms
  4 bog bodies
  A spriggan druid (Swamp:4)
  11 deep elf archers
  An orc knight (Orc:2)
  33 deep elf pyromancers
  12 orb spiders
  25 deep elf zephyrmancers
  7 orc sorcerers
  18 wolf spiders
  A worldbinder (Abyss:3)
  5 oklob plants
  7 cyclopes
  An ugly thing (D:12)
  2 will-o-the-wisps
  2 moths of wrath
  5 manticores
  8 elephants
  7 black mambas
  9 cane toads
  6 komodo dragons
  5 rime drakes
  3 unseen horrors
  12 demonic crawlers
  2 nameless horrors
  A torpor snail (Lair:3)
  An efreet (D:14)
  2 kobold demonologists (D:14)
  3 tengu conjurers
  10 trolls
  2 bloated husks
  7 hornets
  A meliai (D:12)
  7 polar bears
  28 jumping spiders
  2 wind drakes (Lair:6)
  19 blink frogs
  A slime creature (D:12)
  5 large abominations (Elf:1)
  4 snapping turtles (Lair:6)
  8 dream sheep
  6 tyrant leeches
  A meliai zombie (D:11)
  2 air elementals
  Sigmund (D:6)
  81 redbacks
  24 tarantellas
  A shadow (D:11)
  2 water elementals
  6 wraiths
  55 yaks
  5 fire elementals
  4 hogs (Lair:4)
  Grum (Lair:1)
  2 basilisks
  2 fire bats (Swamp:4)
  6 wyverns
  10 steam dragons
  2 vampire mosquitoes (Spider:4)
  Edmund (D:6)
  2 wargs
  2 acid dragons
  15 swamp worms
  11 water moccasins
  8 swamp drakes
  A black bear (D:6)
  34 orc warriors
  3 boggarts (D:15)
  16 centaurs
  A necrophage (D:8)
  12 wolves
  12 ogres
  8 bullfrogs
  2 kobold brigands
  2 scorpions
  4 elf zombies (Elf:1)
  Blork the orc (D:6)
  4 earth elementals
  7 killer bees
  5 wights (D:10)
  9 howler monkeys
  6 electric eels
  4 centaur zombies
  Crazy Yiuf (D:2)
  3 hounds
  9 jellies
  17 orc priests
  A centaur skeleton (D:5)
  3 iguanas
  Jessica (D:2)
  A bullfrog skeleton (D:6)
  21 orc wizards
  2 killer bee zombies (D:7)
  5 mummies
  3 gnolls (D:6)
  8 adders
  A white imp (D:7)
  3 ufetubi
  2 adder skeletons (D:4)
  A worm (D:2)
  3 dart slugs
  61 orcs
  11 ball pythons
  19 endoplasms
  9 giant cockroaches
  3 gnoll zombies (Ossuary)
  5 hobgoblins
  4 quokkas
  3 training dummies (D:4)
  6 bats
  2 frilled lizards (D:1)
  9 goblins
  2 goblin zombies (Ossuary)
  26 kobolds
  An orc zombie (Ossuary)
  A quokka skeleton (D:4)
  6 rats
1117 creatures vanquished.

Vanquished Creatures (collateral kills)
  Mlioglotl (Spider:4)
  An orc warlord (Orc:2)
  An orc high priest (Orc:2)
  An orc knight (Orc:2)
  3 trolls
  3 jumping spiders
  A tarantella (Spider:4)
  3 wargs (Orc:2)
  5 orc warriors (Orc:2)
  An orc priest (Orc:1)
  2 orc wizards
  2 orcs
24 creatures vanquished.

Vanquished Creatures (others)
  A hydra (Swamp:4)
  A swamp drake (Swamp:4)
  2 foxfires (Swamp:2)
  69 fungi
  97 plants
  4 withered plants (D:4)
174 creatures vanquished.

Grand Total: 1315 creatures vanquished

Notes
Turn   | Place    | Note
-------+----------+-------------------------------------------
     0 | D:1      | ders the Gargoyle Earth Elementalist began the quest for
                  | the Orb.
     0 | D:1      | Reached XP level 1. HP: 10/10 MP: 3/3
   390 | D:1      | Reached XP level 2. HP: 15/15 MP: 3/5
   458 | D:1      | Reached skill level 1 in Conjurations
   601 | D:1      | Reached skill level 4 in Earth Magic
   970 | D:1      | Reached XP level 3. HP: 16/19 MP: 3/6
  1042 | D:1      | Learned a level 3 spell: Stone Arrow
  1769 | D:2      | Noticed Jessica
  1771 | D:2      | Killed Jessica
  1772 | D:2      | Reached XP level 4. HP: 24/24 MP: 3/8
  1946 | D:2      | Found a runed translucent door.
  1947 | D:2      | Noticed Crazy Yiuf
  2855 | D:2      | Killed Crazy Yiuf
  2856 | D:2      | Reached XP level 5. HP: 11/28 MP: 0/9
  3234 | D:3      | Reached skill level 5 in Earth Magic
  3808 | D:3      | Found a broken altar of Ashenzari.
  3808 | D:3      | Found a glowing golden altar of the Shining One.
  4184 | D:4      | Noticed an ogre
  4189 | D:4      | Killed an ogre
  4190 | D:4      | Reached XP level 6. HP: 32/32 MP: 1/11
  4283 | D:4      | Found a staircase to the Ecumenical Temple.
  4293 | Temple   | Entered the Ecumenical Temple
  4299 | Temple   | Became a worshipper of Vehumet
  4558 | D:4      | Found a runed translucent gate.
  4561 | D:4      | Found a runed translucent gate.
  4561 | D:4      | Found a runed translucent gate.
  4563 | D:4      | Noticed a steam dragon
  4570 | D:4      | Killed a steam dragon
  4571 | D:4      | Reached skill level 6 in Earth Magic
  4571 | D:4      | Reached XP level 7. HP: 24/36 MP: 1/13
  5105 | D:4      | Noticed karkarkar's ghost (novice MiMo)
  5105 | D:4      | Noticed amoryguerra's ghost (novice MiBe)
  5105 | D:4      | Noticed tvsian's ghost (amateur HOFi)
  5341 | D:4      | Reached * piety under Vehumet
  5341 | D:4      | Offered knowledge of Freeze by Vehumet.
  5530 | D:4      | Found Padghouz's Firing Range.
  5686 | D:5      | Entered Level 5 of the Dungeon
  5696 | D:5      | Reached skill level 5 in Conjurations
  5776 | D:5      | Reached skill level 7 in Earth Magic
  5851 | D:5      | Found a blossoming altar of Fedhas.
  5864 | D:5      | Found a shimmering altar of Xom.
  6136 | D:5      | Found Galodd's Antique Armour Shoppe.
  6159 | D:5      | Reached XP level 8. HP: 39/41 MP: 11/15
  6438 | D:6      | Noticed Edmund
  6445 | D:6      | Killed Edmund
  6446 | D:6      | Reached skill level 5 in Spellcasting
  7231 | D:6      | Noticed Blork the orc
  7265 | D:6      | Killed Blork the orc
  7424 | D:6      | Reached skill level 8 in Earth Magic
  7438 | D:6      | Noticed Sigmund
  7442 | D:6      | Killed Sigmund
  7606 | D:6      | Found an ornate altar of the Wu Jian Council.
  8193 | D:7      | Reached XP level 9. HP: 43/45 MP: 11/18
  8232 | D:7      | Offered knowledge of Shock by Vehumet.
  8233 | D:7      | Reached ** piety under Vehumet
  8266 | D:7      | Found a sand-covered staircase.
  8274 | Ossuary  | Entered an ossuary
  8704 | D:7      | Noticed a troll
  8710 | D:7      | Killed a troll
  8711 | D:7      | Reached skill level 9 in Earth Magic
  9495 | D:8      | Offered knowledge of Ignite Poison by Vehumet.
  9824 | D:8      | Noticed a two-headed ogre
  9828 | D:8      | Killed a two-headed ogre
  9829 | D:8      | Reached skill level 10 in Earth Magic
  9829 | D:8      | Reached XP level 10. HP: 25/50 MP: 10/21
  9847 | D:8      | Reached *** piety under Vehumet
 10304 | D:8      | Found a sparkling altar of Nemelex Xobeh.
 11112 | D:9      | Reached skill level 11 in Earth Magic
 11744 | D:10     | Entered Level 10 of the Dungeon
 11798 | D:10     | Offered knowledge of Frozen Ramparts by Vehumet.
 11868 | D:10     | Learned a level 3 spell: Frozen Ramparts
 11889 | D:10     | Noticed an oklob plant
 12090 | D:10     | Reached skill level 12 in Earth Magic
 12093 | D:10     | Reached **** piety under Vehumet
 12094 | D:10     | Reached XP level 11. HP: 31/54 MP: 4/24
 12621 | D:10     | Offered knowledge of Dazzling Flash by Vehumet.
 12761 | D:10     | Found a staircase to the Orcish Mines.
 12914 | D:10     | Found a staircase to the Lair.
 13179 | D:11     | Noticed a five-headed hydra
 13189 | D:11     | Learned a level 4 spell: Petrify
 13418 | D:11     | Reached skill level 10 in Spellcasting
 13423 | D:11     | Reached skill level 10 in Conjurations
 13535 | D:11     | Noticed a two-headed ogre
 13542 | D:11     | Killed a two-headed ogre
 13652 | D:11     | Noticed a tengu warrior
 13658 | D:11     | Killed a tengu warrior
 13755 | D:11     | Reached skill level 13 in Earth Magic
 13797 | D:11     | Killed a five-headed hydra
 13798 | D:11     | Reached skill level 1 in Armour
 14120 | D:11     | Found a runed translucent door.
 14121 | D:11     | Found a shimmering altar of Xom.
 14121 | D:11     | Noticed math4jedi's ghost (journeyman HOFi)
 14121 | D:11     | Noticed a +1 scimitar of chaos
 14385 | D:12     | Found a bloodstained altar of Trog.
 14387 | D:12     | Noticed a cyclops
 14390 | D:12     | Killed a cyclops
 14448 | D:12     | Noticed a two-headed ogre
 14567 | Lair:1   | Entered Level 1 of the Lair of Beasts
 14576 | Lair:1   | Reached skill level 1 in Ice Magic
 14628 | Lair:1   | Reached XP level 12. HP: 60/60 MP: 18/27
 14691 | Lair:1   | Noticed Grum
 14705 | Lair:1   | Killed Grum
 14931 | Lair:1   | Learned a level 3 spell: Dazzling Flash
 14986 | Lair:1   | Noticed Fannar
 15013 | Lair:1   | Killed Fannar
 15014 | Lair:1   | Reached skill level 1 in Transmutations
 15898 | Lair:1   | Learned a level 6 spell: Iron Shot
 15980 | Lair:1   | Reached ***** piety under Vehumet
 16133 | Lair:1   | Reached skill level 14 in Earth Magic
 16249 | Lair:2   | Found a hole to the Spider Nest.
 16549 | Lair:3   | Found a gate leading to a gauntlet.
 16564 | Gauntlet | Entered a Gauntlet
 16564 | Gauntlet | Found a transporter.
 16564 | Gauntlet | Found a transporter.
 16609 | Gauntlet | Found a transporter.
 16612 | Gauntlet | Found a transporter.
 16616 | Gauntlet | Found a runed translucent door.
 16616 | Gauntlet | Found a runed translucent door.
 16620 | Gauntlet | Found a transporter.
 16624 | Gauntlet | Found a transporter.
 16631 | Gauntlet | Noticed a shard shrike
 16632 | Gauntlet | Found a transporter.
 16632 | Gauntlet | Noticed a juggernaut
 16632 | Gauntlet | a shard shrike changed into a juggernaut
 16635 | Gauntlet | Noticed a titan
 16635 | Gauntlet | a juggernaut changed into a titan
 16636 | Gauntlet | Noticed a rockslime
 16636 | Gauntlet | a titan changed into a rockslime
 16637 | Gauntlet | Noticed an iron dragon
 16637 | Gauntlet | a rockslime changed into an iron dragon
 16648 | Gauntlet | Found a transporter.
 16648 | Gauntlet | Noticed an iron giant
 16648 | Gauntlet | an iron dragon changed into an iron giant
 16649 | Gauntlet | Noticed a caustic shrike
 16649 | Gauntlet | an iron giant changed into a caustic shrike
 16651 | Gauntlet | Noticed a golden dragon
 16651 | Gauntlet | a caustic shrike changed into a golden dragon
 16652 | Gauntlet | Noticed an iron dragon
 16652 | Gauntlet | a golden dragon changed into an iron dragon
 16665 | Gauntlet | Found a transporter.
 16666 | Gauntlet | Found a transporter.
 16674 | Gauntlet | Found a transporter.
 16678 | Gauntlet | Found a transporter.
 16720 | Lair:3   | Offered knowledge of Lee's Rapid Deconstruction by Vehumet.
 16806 | Lair:3   | Learned a level 5 spell: Lee's Rapid Deconstruction
 16965 | Lair:3   | Reached skill level 1 in Fighting
 17936 | Lair:3   | Reached XP level 13. HP: 65/65 MP: 17/29
 18269 | Lair:4   | Found a staircase to the Swamp.
 18282 | Lair:3   | Reached skill level 15 in Earth Magic
 18606 | Lair:4   | Noticed Daelid's ghost (journeyman MfGl)
 18617 | Lair:4   | Found an iron altar of Okawaru.
 18685 | Lair:4   | Noticed Kirke
 18697 | Lair:4   | Noticed a sphinx
 18864 | Lair:4   | Found a transporter.
 18874 | Lair:4   | Found a transporter.
 19367 | Lair:4   | Killed Kirke
 19753 | Lair:5   | Found a staircase to the Slime Pits.
 20645 | Lair:5   | Reached skill level 16 in Earth Magic
 21091 | Lair:5   | Identified the +6 hunting sling "Amoyvv Hydwa" {speed,
                  | rN+++ Will+ Int-4 Dex+2}
 21204 | Lair:6   | Entered Level 6 of the Lair of Beasts
 21702 | Lair:6   | Noticed Josephine
 21712 | Lair:6   | Killed Josephine
 21875 | Lair:5   | Gained mutation: Your large and strong wings let you fly.
                  | [Gargoyle growth]
 21875 | Lair:5   | Reached XP level 14. HP: 31/72 MP: 11/31
 22278 | Lair:6   | Offered knowledge of Spellforged Servitor by Vehumet.
 22287 | Lair:6   | Learned a level 7 spell: Spellforged Servitor
 23089 | Lair:6   | Reached skill level 1 in Summonings
 23092 | Lair:6   | Reached skill level 17 in Earth Magic
 24871 | Lair:6   | Identified the +6 trident "Umekoch" {drain, rElec Str+4
                  | Int-3 Stlth+}
 25874 | D:12     | Reached skill level 1 in Staves
 27140 | D:12     | Reached skill level 5 in Stealth
 27361 | D:13     | Reached skill level 18 in Earth Magic
 27590 | D:13     | Learned a level 3 spell: Swiftness
 27648 | D:13     | Reached XP level 15. HP: 76/76 MP: 26/33
 27986 | D:13     | Acquired 760 gold pieces
 28309 | D:14     | Found a broken altar of Ashenzari.
 28745 | D:14     | Reached skill level 15 in Spellcasting
 29015 | D:14     | Found a gate to the Vaults.
 29202 | D:14     | Reached skill level 5 in Summonings
 29395 | D:15     | Entered Level 15 of the Dungeon
 29757 | D:15     | Found a staircase to the Depths.
 30516 | Orc:1    | Entered Level 1 of the Orcish Mines
 30520 | Orc:1    | Found Suutromp's Book Shop.
 30558 | Orc:1    | Offered knowledge of Irradiate by Vehumet.
 30565 | Orc:1    | Learned a level 5 spell: Irradiate
 30726 | Orc:2    | Entered Level 2 of the Orcish Mines
 31080 | Orc:2    | Noticed an orc warlord
 31084 | Orc:2    | Reached skill level 19 in Earth Magic
 31087 | Orc:2    | Killed an orc warlord
 31096 | Orc:2    | Found Zisouhan's General Store.
 31236 | Orc:2    | Paralysed by an orc sorcerer for 5 turns
 31771 | Orc:2    | Found Guinn's Jewellery Boutique.
 31783 | Orc:2    | Noticed an orc warlord
 31784 | Orc:2    | Reached XP level 16. HP: 81/81 MP: 15/35
 31905 | Orc:2    | Reached skill level 5 in Armour
 32010 | Orc:2    | Bought an Inescapable Atlas for 476 gold pieces
 32076 | Orc:2    | Found Favvapso's Antique Armour Shop.
 32328 | Orc:2    | Found a staircase to the Elven Halls.
 32379 | Orc:2    | Found Umeseddi's Antique Weapon Emporium.
 32833 | Swamp:1  | Entered Level 1 of the Swamp
 32833 | Swamp:1  | Noticed Aizul
 32842 | Swamp:1  | Killed Aizul
 32874 | Swamp:1  | Noticed Frances
 32881 | Swamp:1  | Killed Frances
 32968 | Swamp:1  | Offered knowledge of Iskenderun's Battlesphere by Vehumet.
 33196 | Swamp:1  | Noticed Nikola
 33201 | Swamp:1  | Killed Nikola
 34246 | Swamp:2  | Identified the +3 leather armour of the Sun {rPois rC+++
                  | rCorr Str-2}
 34338 | Swamp:3  | Noticed a tentacled monstrosity
 34476 | Swamp:3  | Killed a tentacled monstrosity
 34822 | Swamp:3  | Reached skill level 20 in Earth Magic
 35092 | Swamp:3  | Reached XP level 17. HP: 86/86 MP: 31/37
 35108 | Swamp:3  | Reached skill level 15 in Conjurations
 35249 | Swamp:4  | Entered Level 4 of the Swamp
 35444 | Swamp:4  | Reached ****** piety under Vehumet
 36337 | Swamp:4  | Offered knowledge of Starburst by Vehumet.
 36606 | Swamp:4  | Acquired a +1 buckler of reflection
 36662 | Swamp:4  | Got a decaying rune of Zot
 36929 | Swamp:4  | Learned a level 6 spell: Starburst
 37047 | Spider:1 | Entered Level 1 of the Spider Nest
 37062 | Spider:1 | Reached skill level 1 in Shields
 37661 | Spider:2 | Noticed Arachne
 37670 | Spider:2 | Killed Arachne
 37695 | Spider:2 | Acquired 1293 gold pieces
 37773 | Spider:2 | Acquired a book of the Spheres
 37784 | Spider:2 | Learned a level 7 spell: Orb of Destruction
 38148 | Spider:3 | Identified the +1 long sword of Blood {pain, rN+ Dex+4}
 38215 | Spider:3 | Offered knowledge of Freezing Cloud by Vehumet.
 38227 | Spider:3 | Learned a level 5 spell: Freezing Cloud
 38418 | Spider:3 | Reached skill level 1 in Air Magic
 38728 | Spider:3 | Reached XP level 18. HP: 92/92 MP: 36/39
 39422 | Spider:4 | Entered Level 4 of the Spider Nest
 39734 | Spider:4 | Noticed Louise
 39771 | Spider:4 | Killed Louise
 39825 | Spider:4 | Found a large runed translucent door.
 39825 | Spider:4 | Found a large runed translucent door.
 39826 | Spider:4 | Noticed Hoshis's ghost (adept MiBe)
 40229 | Spider:4 | Noticed Mlioglotl
 40235 | Spider:4 | Offered knowledge of Ignition by Vehumet.
 40237 | Spider:4 | Noticed Bai Suzhen
 40321 | Spider:3 | Killed Bai Suzhen
 40526 | Spider:4 | Noticed Mara
 40531 | Spider:4 | Noticed ders's illusion
 40771 | Spider:4 | Killed Mlioglotl
 40851 | Spider:4 | Reached skill level 21 in Earth Magic
 40854 | Spider:4 | Killed Mara
 41372 | Spider:4 | Reached skill level 10 in Summonings
 42199 | Elf:1    | Entered Level 1 of the Elven Halls
 43160 | Elf:1    | Found a radiant altar of Vehumet.
 43354 | Elf:1    | Got the Volume of the Locust
 43631 | Elf:1    | Got Sif Muna's Papyrus of the Creative Compass
 43866 | Elf:2    | Paralysed by an air elemental for 1 turns
 43992 | Elf:2    | Reached XP level 19. HP: 88/96 MP: 22/41
 44284 | Elf:2    | Noticed Roxanne
 44290 | Elf:2    | Killed Roxanne
 44544 | Elf:2    | Found an ancient bone altar of Kikubaaqudgha.
 44950 | Elf:2    | Found a runed translucent gate.
 44950 | Elf:2    | Found a runed translucent gate.
 44950 | Elf:2    | Found a runed translucent gate.
 45114 | Elf:2    | Offered knowledge of Shatter by Vehumet.
 45114 | Elf:2    | Offered knowledge of Chain Lightning by Vehumet.
 45114 | Elf:2    | Offered knowledge of Maxwell's Capacitive Coupling by
                  | Vehumet.
 46048 | Elf:3    | Entered Level 3 of the Elven Halls
 46190 | Elf:3    | Got Sif Muna's Volume of Combat Magic
 46487 | Elf:3    | Paralysed by an air elemental for 1 turns
 47020 | Elf:3    | Noticed a Brimstone Fiend
 47020 | Elf:3    | Cast into level 3 of the Abyss (a deep elf demonologist)
 47070 | Elf:3    | Escaped the Abyss
 47205 | Elf:3    | HP: 4/96 [deep elf master archer/arrow (10)]
 47206 | Elf:3    | HP: 1/96 [deep elf master archer/arrow (31)]
 47207 | Elf:3    | Shot with an arrow by a deep elf master archer

Illustrated notes

Levels and vault maps discovered:
D:1:      dpeg_arrival_arbitrary_c, layout_basic
D:2:      layout_loops_corners, minmay_misc_feat_five, uniq_crazy_yiuf_cottage,
          uniq_jessica
D:3:      layout_loops_cross, gammafunk_temple_overflow_statue
D:4:      layout_loops_ring, minmay_temple_entry_purple_smoke,
          gammafunk_ghost_cemetery, gup_sewer_entry_pipe,
          nicolae_shop_firing_range
D:5:      layout_rooms, mainiacjoe_overflow_paths,
          nicolae_overflow_hidden_temple, serial_shops, nicolae_take_the_stairs
D:6:      layout_layer_cave, nicolae_wu_jian_immortal_techniques, uniq_edmund,
          uniq_blork_the_orc, uniq_sigmund
D:7:      corexii_shack_village, layout_rooms, gup_ossuary_entry_pyramid,
          corexii_hall_statues_l, wad_floor_pattern_1
D:8:      layout_basic, nemelex_spade_bored_becter
D:9:      layout_irregular_city
D:10:     lemuel_slime, layout_rooms, lair_entry_dummy, orc_0_dummy,
          chequers_mini_garden, grunt_ministairs_11
D:11:     layout_roguey, ebering_ghost_xom
D:12:     wad_river_or_something, layout_basic, bloody_trog
D:13:     layout_loops_ring
D:14:     minmay_connected_triangles_in_corner, layout_loops_ring,
          david_vaults_1, minmay_misc_feat_rugged, serial_park_tiny_1,
          evilmike_ruin_ashenzari
D:15:     grunt_enter_depths_snipers, layout_basic, hex_tiny
Temple:   nicolae_temple_x_marks_the_god
Lair:1:   layout_hall_layers, serial_bayou_shore_a, infiniplex_staircase_pool_2,
          uniq_grum, uniq_fannar
Lair:2:   wad_woods_structure_01, layout_regular_city,
          nicolae_spider_entry_orb_guardian, serial_bayou_shore_b
Lair:3:   layout_regular_city, gauntlet_entry_generic, grunt_megastairs_5
Lair:4:   layout_regular_city, minmay_swamp_entry_reptiles,
          gammafunk_ghost_arena, lemuel_oklob_altar, lemuel_fruit_tree,
          uniq_kirke
Lair:5:   layout_cave_shapes, minmay_slime_entry_oklob_enclosed,
          serial_bayou_lake_a
Lair:6:   gammafunk_lair_ancient_temple, layout_regular_city,
          cheibrodos_lair_lostbears, serial_bayou_shore_b, uniq_josephine
Swamp:1:  layout_basic_swamp, nicolae_swamp_ascending_descending_big,
          uniq_aizul, uniq_nikola, uniq_frances
Swamp:2:  layout_falls_marsh, evilmike_swamp_ruin_rubble_1, swamp_pool5
Swamp:3:  layout_basic_swamp, hangedman_swamp_cone
Swamp:4:  swamp_fiery, layout_basic_swamp, swamp_pool3,
          infiniplex_staircase_pool
Spider:1: layout_spider_delve
Spider:2: layout_spider_delve, uniq_asterion, uniq_arachne
Spider:3: nicolae_spider_hilbert_zone_7 [nicolae_spider_hilbert_4_sides_1_open,
          nicolae_spider_hilbert_4_sides_1_open,
          nicolae_spider_hilbert_4_sides_1_open,
          nicolae_spider_hilbert_4_sides_1_open,
          nicolae_spider_hilbert_3_sides_1_open,
          nicolae_spider_hilbert_3_sides_1_open,
          nicolae_spider_hilbert_3_sides_1_open,
          nicolae_spider_hilbert_3_sides_1_open,
          nicolae_spider_hilbert_4_sides_1_open,
          nicolae_spider_hilbert_4_sides_1_open,
          nicolae_spider_hilbert_4_sides_1_open,
          nicolae_spider_hilbert_2_sides_1_open,
          nicolae_spider_hilbert_2_sides_1_open,
          nicolae_spider_hilbert_2_sides_1_open,
          nicolae_spider_hilbert_2_sides_1_open,
          nicolae_spider_hilbert_2_sides_1_open,
          nicolae_spider_hilbert_2_sides_1_open]
Spider:4: spider_rune_water, ebering_ghost_disaster_area,
          einodemon_crawler_minivault, uniq_louise, uniq_mlioglotl,
          uniq_bai_suzhen, uniq_mara
Orc:1:    layout_caves, serial_shops, nicolae_shop_trees, portal_ice_cave_rime
Orc:2:    grunt_orc_gardens, layout_caves, grunt_orc_garden, grunt_orc_garden,
          grunt_orc_garden, grunt_orc_garden, nicolae_orc_sculptors_studio
Elf:1:    minmay_elf_arrival_circle, layout_loops_corners, basic_altar,
          minmay_elf_necromancy, st_stairs_12
Elf:2:    nicolae_elf_blades_splatter_lattice
          [nicolae_blade_entry_hurt_lockers], layout_loops_cross,
          serial_aquarium, aquarium_bridge_island_large
          [aquarium_subvault_large_4_pools, aquarium_subvault_wall,
          aquarium_subvault_window, aquarium_subvault_wall,
          aquarium_subvault_bridge], aquarium_window_1, aquarium_window_fake,
          aquarium_window_corridor_2, aquarium_view_2d, aquarium_view_2d,
          basic_altar, uniq_roxanne
Elf:3:    minmay_elf_hall_circle, layout_gridlike, minmay_elf_annihilation

Skill      XL: |  1  2  3  4  5  6  7  8  9 10 11 12 13 14 15 16 17 18 19 |
---------------+----------------------------------------------------------+-----
Conjurations   | 1 2 3 4 5 7 8 9 10 11 12 13 14 15 17 18 | 18.0
Earth Magic    | 4 5 6 7 8 10 12 13 14 16 18 19 20 21 | 21.9
Spellcasting   | 3 4 6 7 9 11 12 13 14 15 16 17 18 | 18.9
Armour         | 2 3 4 5 |  5.8
Ice Magic      | 1 3 4 |  4.3
Stealth        | 4 5 |  5.5
Transmutations | 1 |  1.8
Fighting       | 1 2 3 |  3.4
Summonings     | 4 6 7 9 10 | 10.1
Staves         | 1 |  1.0
Shields        | 3 4 |  4.0
Air Magic      | 1 2 3 |  3.3
Dodging        | |  1.5

Action                   |  1- 3 |  4- 6 |  7- 9 | 10-12 | 13-15 | 16-18 | 19-21 || total
-------------------------+-------+-------+-------+-------+-------+-------+-------++-------
Melee: Unarmed           |     6 |       |       |       |       |       |       ||     6
       Short sword       |    11 |       |       |       |       |    16 |     2 ||    29
       Dagger            |       |     1 |     6 |     1 |       |       |       ||     8
       Staff             |       |       |     9 |    19 |    34 |    37 |       ||    99
 Cast: Sandblast         |    41 |    39 |    89 |   141 |    29 |       |       ||   339
       Stone Arrow       |     4 |    30 |    89 |   199 |   135 |   190 |     4 ||   651
       Frozen Ramparts   |       |       |       |     3 |       |       |       ||     3
       Petrify           |       |       |       |     5 |     4 |       |       ||     9
       Iron Shot         |       |       |       |    13 |   287 |   505 |   121 ||   926
       Lee's Rapid Decon |       |       |       |     7 |    70 |     9 |       ||    86
       Dazzling Flash    |       |       |       |     2 |       |       |       ||     2
       Spellforged Servi |       |       |       |       |     5 |     9 |     4 ||    18
       Swiftness         |       |       |       |       |     3 |     4 |     2 ||     9
       Irradiate         |       |       |       |       |     1 |     8 |     2 ||    11
       Freezing Cloud    |       |       |       |       |       |    80 |    44 ||   124
       Starburst         |       |       |       |       |       |     3 |       ||     3
       Orb of Destructio |       |       |       |       |       |    31 |    15 ||    46
Evoke: Box of beasts     |       |       |       |       |       |     1 |       ||     1
  Use: Scroll            |       |     6 |    10 |    12 |     7 |    25 |       ||    60
       Potion            |       |       |       |       |     3 |    12 |     2 ||    17
 Stab: Petrified         |       |       |       |     6 |       |       |       ||     6
       Sleeping          |       |       |       |       |       |     1 |       ||     1
Armor: Robe              |     7 |     7 |    24 |    11 |       |       |       ||    49
       Troll leather arm |       |       |       |    67 |   127 |   345 |    25 ||   564
Dodge: Dodged            |    16 |     4 |    52 |   154 |   268 |   272 |    41 ||   807
Block: Buckler           |       |       |       |       |       |    87 |     5 ||    92
       Reflection        |       |       |       |       |       |     2 |       ||     2

Table legend: (Time is in decaauts)
 A = Elapsed time spent in this place.
 B = Non-inter-level travel time spent in this place.
 C = Inter-level travel time spent in this place.
 D = Time resting spent in this place.
 E = Time spent auto-exploring this place.
 F = Levels seen in this place.
 G = Mean time per level.
                   A        B        C        D        E       F      G
               +--------+--------+--------+--------+--------+-----+--------+
         Total |  47442 |  43979 |   3463 |  13028 |  24181 |  38 | 1248.5 |
       Dungeon |  19562 |  18345 |   1217 |   4659 |  11632 |  15 | 1304.1 |
        Temple |     12 |      2 |     10 |      0 |      0 |   1 |   12.0 |
          Lair |  10991 |  10213 |    778 |   4208 |   4769 |   6 | 1831.8 |
         Swamp |   3852 |   3443 |    409 |    620 |   2055 |   4 |  963.0 |
   Spider Nest |   5036 |   4586 |    450 |   1617 |   1886 |   4 | 1259.0 |
  Orcish Mines |   2502 |   2147 |    355 |    543 |   1048 |   2 | 1251.0 |
   Elven Halls |   4882 |   4641 |    241 |   1307 |   2476 |   3 | 1627.3 |
         Abyss |     49 |     49 |      0 |      0 |      0 |   1 |   49.0 |
       Ossuary |    402 |    402 |      0 |     74 |    187 |   1 |  402.0 |
      Gauntlet |    149 |    149 |      0 |      0 |    127 |   1 |  149.0 |
               +--------+--------+--------+--------+--------+-----+--------+

Top non-repeatable levels by time:
  Lair:5: 3075 daAuts
  Lair:6: 2528 daAuts
   Elf:2: 2292 daAuts
Spider:4: 2262 daAuts
    D:10: 1907 daAuts
  Lair:1: 1787 daAuts
  Lair:3: 1779 daAuts
     D:2: 1756 daAuts
Spider:3: 1749 daAuts
    D:12: 1747 daAuts
     D:6: 1650 daAuts
     D:1: 1577 daAuts
   Elf:1: 1563 daAuts
   Orc:2: 1521 daAuts
     D:4: 1443 daAuts
